 Dungeon Crawl Stone Soup version 0.31-a0-175-g9f7f995f2b (webtiles) character file.

Game seed: 6800339999147707580

138 qw the Shooter (level 5, -6/32 HPs)
             Began as a Gargoyle Hunter on June 16, 2023.
             Mangled by Sigmund
             ... wielding a +0 scythe
              (9 damage)
             ... on level 3 of the Dungeon.
             The game lasted 00:00:50 (1837 turns).

qw the Shooter (Gargoyle Hunter)                    Turns: 1837, Time: 00:00:51

Health: -6/32      AC:  9    Str: 15    XL:     5   Next: 21%
Magic:  5/5        EV: 11    Int:  9    God:
Gold:   70         SH:  0    Dex: 15    Spells: 4/4 levels left

rFire   . . .        Y - +0 shortbow
rCold   . . .        (shield currently unavailable)
rNeg    + . .        g - +0 ring mail
rPois   inf          (no helmet)
rElec   +            (no cloak)
rCorr   .            (no gloves)
SInv    .            (no boots)
Will    .....        (no amulet) Stlth
                     (no ring)
HPRegen 0.25/turn    (no ring)
MPRegen 0.09/turn

%: no passive effects
@: confused
A: sickness immunity, AC +4, negative energy resistance 1, electricity
resistance, torment resistance 1, petrification resistance
a: no special abilities


You were on level 3 of the Dungeon.
You visited 1 branch of the dungeon, and saw 3 of its levels.

You collected 70 gold pieces.


Innate Abilities, Weirdness & Mutations

You are immune to sickness and miasma.
Your stone body is resilient. (AC +4)
You are immune to poison.
You resist negative energy. (rN+)
You are resistant to electric shocks. (rElec)
You are resistant to unholy torment.
You are immune to petrification.


   Skills:
 - Level 3.0 Fighting
 + Level 5.5 Ranged Weapons
 - Level 2.1 Armour
 - Level 1.5 Dodging
 - Level 1.1 Stealth


You had 4 spell levels left.
You didn't know any spells.
Your spell library was empty.

Inventory:

Hand Weapons
 Y - a +0 shortbow (weapon)
Armour
 c - a +3 leather armour of cold resistance
 g - a +0 ring mail (worn)
Scrolls
 a - a scroll of teleportation
 b - 2 scrolls of identify
 f - 3 scrolls of revelation {unknown}
Potions
 d - a potion of attraction {unknown}
 e - a potion of heal wounds {unknown}

Dungeon Overview and Level Annotations

Branches:
Dungeon (3/15)

Altars:
Cheibriados
Vehumet

Annotations:
D:3 Sigmund


Message History

Something hits you.
You shoot an arrow. You shoot an arrow.
You hear some strange, mumbled words.
You are more confused.
Something hits you.
You shoot an arrow. You shoot an arrow. Something hits you.
You shoot an arrow. Something hits you but does no damage.
You shoot an arrow. Something hits you.
You shoot an arrow. Something hits you!
You shoot an arrow. You shoot an arrow. Something hits you.
You shoot an arrow. Something hits you but does no damage.
You shoot an arrow. Something hits you.
You shoot an arrow.
You feel less confused. Something hits you but does no damage.
You shoot an arrow. You shoot an arrow. Something hits you but does no damage.
You shoot an arrow. Something hits you.
You shoot an arrow.
You hear some strange, mumbled words.
You are confused.
You shoot an arrow.
You hear the rusting of a distant drain.
You hear some strange, mumbled words.
Something tries to affect you, but you resist.
You shoot an arrow. Something hits you!
You die...

.#.......#####
... ##...#......#
##.##.####.#
#.........#
####..##..#
####....## #
.........# .#
#......_.#{.#
#.......@...#
......8..........
.............####
##.._......#.#
#.........#.#
#>.....##.# #
.#...# .# #### .#


There were no monsters in sight!

Vanquished Creatures
  Jessica (D:2)
  Ijyb (D:3)
  3 adders
  2 worms (D:2)
  2 dart slugs
  4 ball pythons
  3 bats
  3 endoplasms
  A giant cockroach (D:2)
  5 goblins
  7 hobgoblins
  2 jackals (D:1)
  2 quokkas
  5 frilled lizards
  6 kobolds
  6 rats
53 creatures vanquished.

Notes
Turn   | Place    | Note
-------+----------+-------------------------------------------
     0 | D:1      | qw the Gargoyle Hunter began the quest for the Orb.
     0 | D:1      | Reached XP level 1. HP: 12/12 MP: 1/1
     0 | D:1      | 0 ||| qw: Version: 0.2-a-29-g511e9b1
     0 | D:1      | 0 ||| qw: Game counter: 5763
     0 | D:1      | 0 ||| qw: Always use a shield: true
     0 | D:1      | 0 ||| qw: God list: Okawaru
     0 | D:1      | 0 ||| qw: Allow faded altars: false
     0 | D:1      | 0 ||| qw: Do Orc after D:15 true
     0 | D:1      | 0 ||| qw: Do second Lair branch before Depths: true
     0 | D:1      | 0 ||| qw: Lair rune preference: random
     0 | D:1      | 0 ||| qw: Plans: Normal, Zot:1-4, Slime:5, God:TSO, Crypt,
                  | Tomb, Abyss, Pan, Hells, Win
     0 | D:1      | 0 ||| PLANNING D:1-11
   145 | D:1      | Reached XP level 2. HP: 12/17 MP: 2/2
   439 | D:1      | Reached XP level 3. HP: 21/21 MP: 3/3
   469 | D:1      | 469 ||| UPGRADING to +0 ring mail.
   479 | D:1      | 479 ||| DROPPING +0 leather armour.
   480 | D:1      | 480 ||| READING 2 scrolls labelled NUONUA LOSM.
   484 | D:1      | 484 ||| READING scroll labelled GOEMMAUTIG.
   485 | D:1      | 485 ||| DROPPING scroll of butterflies.
   639 | D:2      | Noticed Jessica
   660 | D:2      | Killed Jessica
   661 | D:2      | Reached XP level 4. HP: 16/26 MP: 4/4
   723 | D:2      | Reached skill level 5 in Ranged Weapons
   950 | D:2      | Reached skill level 3 in Fighting
  1355 | D:2      | 1355 ||| FLEEEEING.
  1356 | D:2      | 1356 ||| FLEEEEING.
  1359 | D:2      | 1359 ||| FLEEEEING.
  1533 | D:2      | 1533 ||| DRINKING 2 glowing yellow potions.
  1534 | D:2      | 1534 ||| DROPPING potion of invisibility.
  1601 | D:3      | 1601 ||| PLANNING SEWER
  1659 | D:3      | Noticed Ijyb
  1668 | D:3      | Paralysed by Ijyb for 2 turns
  1688 | D:3      | Killed Ijyb
  1689 | D:3      | Reached XP level 5. HP: 14/32 MP: 5/5
  1799 | D:3      | Found a snail-covered altar of Cheibriados.
  1801 | D:3      | Found a radiant altar of Vehumet.
  1805 | D:3      | Noticed Sigmund
  1826 | D:3      | HP: 5/32 [something (10)]
  1834 | D:3      | HP: 2/32 [something (3)]
  1837 | D:3      | Mangled by Sigmund

Levels and vault maps discovered:
D:1:      lightli_arrival_statuegarden, layout_basic
D:2:      layout_loops_corners, corexii_item_surrounded_by_moat, uniq_jessica
D:3:      layout_loops_ring, grunt_temple_overflow_open,
          ebering_ghost_disaster_area, gup_sewer_entry_spiral,
          chequers_serial_rivers_marsh, uniq_grinder, uniq_sigmund, uniq_robin,
          uniq_ijyb

Skill      XL: |  1  2  3  4 |
---------------+-------------+-----
Armour         | 2 |  2.1
Ranged Weapons | 5 |  5.5
Fighting       | 3 |  3.0
Dodging        | |  1.5
Stealth        | |  1.1

Action                     |  1- 3 |  4- 6 || total
---------------------------+-------+-------++-------
   Fire: Shortbow          |    93 |   139 ||   232
    Use: Scroll            |     2 |       ||     2
         Potion            |       |     1 ||     1
 Armour: Leather armour    |     5 |       ||     5
         Ring mail         |     5 |    30 ||    35
  Dodge: Dodged            |    16 |    28 ||    44

Table legend:
 A = Non-vault XP
 B = Vault XP
 C = Vault XP percentage of total XP
 D = Non-vault monster count
 E = Vault monster count
 F = Vault count percentage of total count
                 A         B        C        D         E       F
            +---------+---------+-------+---------+---------+-------
      Total |     125 |      73 |  36.9 |      51 |       2 |   3.8
            +---------+---------+-------+---------+---------+-------
        D:1 |      38 |       0 |   0.0 |      22 |       0 |   0.0
        D:2 |      69 |      37 |  34.9 |      25 |       1 |   3.8
        D:3 |      18 |      36 |  66.7 |       4 |       1 |  20.0
            +---------+---------+-------+---------+---------+-------
